 Dungeon Crawl Stone Soup version 0.29.1-2-gbd0b4ee654 (webtiles) character file.

Game seed: 11310615558923719621

1105 KittyFluff the Cudgeller (level 8, -1/49 HPs)
             Began as a Gargoyle Berserker on Oct 26, 2022.
             Was a Priest of Trog.
             Slain by a river rat (8 damage)
             ... summoned by Eustachio
             ... on level 5 of the Dungeon.
             The game lasted 00:23:44 (5420 turns).

KittyFluff the Cudgeller (Gargoyle Berserker)       Turns: 5420, Time: 00:23:45

Health: -1/49      AC:  9    Str: 34    XL:     8   Next: 32%
Magic:  8/8        EV: 13    Int:  8    God:    Trog [***...]
Gold:   120        SH:  0    Dex: 17    Spells: 7/7 levels left

rFire   x . .      SeeInvis .   y - +1 quarterstaff (vorpal)
rCold   . . .      Faith    .   (shield currently unavailable)
rNeg    + . .      Spirit   .   w - +0 leather armour
rPois   ∞          Reflect  .   (no helmet)
rElec   +          Harm     .   (no cloak)
rCorr   +          Rampage  .   (no gloves)
Will    +....                   (no boots)
Stlth   ++........              (no amulet)
HPRegen 0.16/turn               b - ring "Kepiulaso" {rF- Will+ rCorr Str+7 Dex+6}
MPRegen 0.11/turn               o - +6 ring of strength

@: on berserk cooldown, slowed, very slow
A: sickness immunity, AC +5, negative energy resistance 1, electricity
resistance, torment resistance 1, petrification resistance
a: Renounce Religion, Berserk, Trog's Hand


You were on level 5 of the Dungeon.
You worshipped Trog.
Trog was most pleased with you.
You visited 1 branch of the dungeon, and saw 5 of its levels.

You collected 250 gold pieces.
You spent 130 gold pieces at shops.

Inventory:

Hand Weapons
 a - a +0 mace
 d - a +0 sling
 y - a +1 vorpal quarterstaff (weapon)
Missiles
 g - 6 poisoned darts (quivered)
 k - 3 boomerangs
Armour
 s - a +0 tower shield
 w - a +0 leather armour (worn)
Jewellery
 b - the ring "Kepiulaso" (left hand) {rF- Will+ rCorr Str+7 Dex+6}
   (You found it on level 3 of the Dungeon)

   [ring of dexterity]

   Str:       It affects your strength (+7).
   Dex:       It affects your dexterity (+6).
   rF:        It makes you vulnerable to fire.
   rCorr:     It protects you from acid and corrosion.
   Will:      It increases your willpower.
 c - a ring of protection from cold
 o - a +6 ring of strength (right hand)
Scrolls
 e - 3 scrolls of teleportation
 j - 2 scrolls of blinking {unknown}
 m - 3 scrolls of identify {unknown}
 n - 3 scrolls of immolation {unknown}
 p - a scroll of fear {unknown}
 u - a scroll of butterflies {unknown}
 x - a scroll of vulnerability {unknown}
 A - a scroll of amnesia {unknown}
Potions
 f - 3 potions of lignification {unknown}
 h - 2 potions of attraction {unknown}
 i - 2 potions of berserk rage {unknown}
 l - a potion of haste {unknown}
 q - a potion of mutation {unknown}
 r - a potion of curing {unknown}
 t - a potion of might {unknown}
 v - a potion of heal wounds {unknown}
 z - a potion of resistance {unknown}


   Skills:
 + Level 5.3 Fighting
 + Level 5.9(6.3) Maces & Flails
 * Level 3.2(5.0) Staves
 * Level 5.0 Armour
 + Level 3.3 Dodging
 + Level 2.4 Stealth


You had 7 spell levels left.
You didn't know any spells.
Your spell library was empty.

Dungeon Overview and Level Annotations

Branches:
Dungeon (5/15)             Temple (0/1) D:5

Altars:

Shops:
D:2 (

Annotations:
D:5 Eustachio


Innate Abilities, Weirdness & Mutations

You are immune to sickness and miasma.
Your stone body is resilient. (AC +5)
You are immune to poison.
You resist negative energy. (rN+)
You are resistant to electric shocks. (rElec)
You are resistant to unholy torment.
You are immune to petrification.


Message History

You kill the jelly!
Trog accepts your kill.
The river rat twitches its whiskers.
The bat barely misses you. Menkaure hits you!
* * * LOW HITPOINT WARNING * * *
Eustachio gestures wildly while chanting.
Eustachio blinks!
The bat barely misses you.
You feel a strong urge to attack something.
The iron imp disappears in a puff of smoke!
The bat misses you.
You closely miss the bat. The bat hits you but does no damage.
The river rat twitches its whiskers.
The bat hits you but does no damage.
You bludgeon the bat!!
You kill the bat!
The bat's corpse disappears in a puff of smoke!
Menkaure calls on the powers of darkness!
Your body is wracked with pain!
* * * LOW HITPOINT WARNING * * *
The river rat convulses! x2
You hit Menkaure.
Menkaure is moderately damaged.
Menkaure calls on the powers of darkness!
The river rat convulses!
Your body is wracked with pain!
* * * LOW HITPOINT WARNING * * *
The river rat convulses!
The quokka convulses!
You bludgeon Menkaure!!
You destroy Menkaure!
Trog accepts your kill.
Trog appreciates your killing of a magic user.
The river rat bites you but does no damage.
Your base Staves skill increases to level 3!
Your Armour skill increases to level 5!
You are no longer berserk.
You are exhausted.
You feel yourself slow down.
You open the door. The river rat barely misses you. The river rat misses you.
The river rat bites you!
You die...

#.............. #..
#.............. #.#
#....###...####
#.###....###...#### .
#.#.......#......+ ..
###.#.......#......# ...
...#.......#......#
....##########.#.......#.>....#
=..(.......†.rr@.......#......#.
.....#.?...#@.r#.......#......#.
#.# #..####...###....##)....#..
#.####..####...###.:..##.......#
.@.....................#........
.lr....................#.....#..
55.....................#......##
..###...##....####....##[.......
. #...##....####†...####.#..#.


You could see Eustachio, 2 river rats and a quokka (summoned).

Vanquished Creatures
  Sigmund (D:2)
  Menkaure (D:5)
  2 black bears
  3 scorpions
  3 jellies
  3 iguanas
  3 orc wizards
  3 gnolls
  8 adders
  An ufetubus (D:4)
  A worm (D:2)
  4 dart slugs
  10 orcs
  7 endoplasms
  4 giant cockroaches
  9 goblins
  4 hobgoblins
  9 jackals
  5 quokkas
  9 ball pythons
  4 bats
  2 frilled lizards (D:1)
  6 kobolds
  8 rats
110 creatures vanquished.

Notes
Turn   | Place    | Note
-------+----------+-------------------------------------------
     0 | D:1      | KittyFluff the Gargoyle Berserker began the quest for the
                  | Orb.
     0 | D:1      | Reached XP level 1. HP: 14/14 MP: 1/1
    91 | D:1      | Reached XP level 2. HP: 10/19 MP: 2/2
   518 | D:1      | Reached XP level 3. HP: 24/24 MP: 3/3
   717 | D:1      | Reached ** piety under Trog
  1189 | D:2      | Found a faded altar of an unknown god.
  1303 | D:2      | Noticed Sigmund
  1317 | D:2      | Killed Sigmund
  1318 | D:2      | Reached skill level 1 in Stealth
  1318 | D:2      | Reached XP level 4. HP: 30/30 MP: 4/4
  1318 | D:2      | Reached XP level 5. HP: 34/34 MP: 5/5
  1479 | D:2      | Found Dedep's Weapon Emporium.
  1647 | D:2      | Reached XP level 6. HP: 14/39 MP: 6/6
  2677 | D:3      | Identified the ring "Kepiulaso" {rF- Will+ rCorr Str+7
                  | Dex+6}
  2977 | D:3      | Reached *** piety under Trog
  3398 | D:4      | Noticed a black bear
  3413 | D:4      | Killed a black bear
  3414 | D:4      | Reached skill level 5 in Maces & Flails
  3414 | D:4      | Reached XP level 7. HP: 41/44 MP: 7/7
  3655 | D:4      | Reached skill level 5 in Fighting
  4718 | D:2      | Bought a +1 vorpal quarterstaff for 130 gold pieces
  4860 | D:5      | Entered Level 5 of the Dungeon
  5131 | D:5      | Reached skill level 1 in Staves
  5171 | D:5      | Found a staircase to the Ecumenical Temple.
  5250 | D:5      | Reached XP level 8. HP: 36/49 MP: 8/8
  5380 | D:5      | Noticed Eustachio
  5388 | D:5      | Noticed Menkaure
  5417 | D:5      | Killed Menkaure
  5418 | D:5      | Reached skill level 5 in Armour
  5420 | D:5      | Slain by a river rat

Illustrated notes

Levels and vault maps discovered:
D:1:      lightli_arrival_boilingwater, layout_basic, corexii_corridor_pit,
          minmay_ruptured
D:2:      layout_basic, serial_shops, nicolae_shop_waterfront,
          ebering_ecumenical_altar_petrified, uniq_sigmund
D:3:      layout_loops_ring, hex_tiny
D:4:      minmay_recursive_quarters, layout_loops_cross
D:5:      layout_gridville, minmay_temple_entry_mini_moons, minivault_5,
          uniq_eustachio, uniq_menkaure

Skill      XL: |  1  2  3  4  5  6  7  8 |
---------------+-------------------------+-----
Fighting       | 4 5 |  5.3
Maces & Flails | 4 5 |  5.9
Armour         | 3 4 5 |  5.0
Dodging        | 2 3 |  3.3
Stealth        | 1 2 |  2.4
Staves         | 1 3 |  3.2

Action                   |  1- 3 |  4- 6 |  7- 9 || total
-------------------------+-------+-------+-------++-------
Melee: Mace              |   105 |   141 |    44 ||   290
       Punch             |     1 |       |       ||     1
       Quarterstaff      |       |       |    53 ||    53
Invok: Berserk           |     1 |     1 |     2 ||     4
  Use: Scroll            |       |       |     1 ||     1
 Stab: Sleeping          |     2 |     3 |       ||     5
Armor: Animal skin       |    50 |    45 |       ||    95
       Robe              |       |    17 |    14 ||    31
       Leather armour    |       |       |    40 ||    40
Dodge: Dodged            |    67 |   116 |    82 ||   265
